 Dungeon Crawl Stone Soup version 0.25-a0-589-g1e14c549ee (webtiles) character file.

Game seed: 16013619722337242542, levelgen mode: deterministic

95 Kohma the Changer (level 4, 0/35 HPs)
             Began as a Draconian Transmuter on Mar 10, 2020.
             Slain by a gnoll (4 damage)
             ... on level 3 of the Dungeon.
             The game lasted 00:05:08 (2064 turns).

Kohma the Changer (Draconian Transmuter)            Turns: 2064, Time: 00:05:09

Health: 0/35       AC:  6    Str: 12    XL:     4   Next: 39%
Magic:  5/8        EV: 12    Int: 14    God:
Gold:   53         SH:  0    Dex: 12    Spells: 2/8 levels left

rFire    . . .     SeeInvis .   j - +6 short sword
rCold    . . .     Gourm    .   (no shield)
rNeg     . . .     Faith    .   (armour unavailable)
rPois    .         Spirit   .   (helmet restricted)
rElec    .         Reflect  .   (no cloak)
rCorr    .         Harm     .   (no gloves)
MR       .....                  g - +0 pair of boots
Stlth    +.........             (no amulet)
HPRegen  0.11/turn              (no ring)
MPRegen  0.11/turn              (no ring)

@: lethally poisoned (0 -> -1)
A: unfitting armour, cold-blooded, AC +5
a: no special abilities


You were on level 3 of the Dungeon.
You were not hungry.

You visited 1 branch of the dungeon, and saw 3 of its levels.

You collected 53 gold pieces.

Inventory:

Hand Weapons
 j - a +6 short sword (weapon)
Missiles
 a - 9 arrows
Armour
 g - a +0 pair of boots (worn)
Jewellery
 i - an uncursed ring of protection from fire {unknown}
 m - an uncursed ring of protection from magic {unknown}
Scrolls
 b - 2 scrolls of identify {unknown}
 e - 2 scrolls of remove curse {unknown}
 f - a scroll of teleportation {unknown}
 k - a scroll of enchant armour {unknown}
 n - a scroll of amnesia {unknown}
Potions
 d - 3 potions of curing {unknown}
 h - a potion of brilliance {unknown}
Comestibles
 c - 4 rations
 l - 4 chunks of flesh


   Skills:
 - Level 1.1 Fighting
 - Level 1.7 Dodging
 - Level 3.0 Unarmed Combat
 + Level 2.7 Spellcasting
 * Level 3.8 Transmutations
 * Level 1.3 Poison Magic


You had 2 spell levels left.
You knew the following spells:

 Your Spells              Type           Power        Failure   Level  Hunger
a - Beastly Appendage     Tmut           ##....       4%          1    #......
b - Sticks to Snakes      Tmut           ##......     7%          2    ###....
c - Spider Form           Tmut/Pois      #.........   22%         3    ###....

Your spell library contained the following spells:

 Spells                   Type           Power        Failure   Level  Hunger
 Magic Dart               Conj           #...         22%         1    #......
 Blink                    Tloc           N/A          32%         2    ###....
 Call Imp                 Summ           #.......     32%         2    ###....
 Slow                     Hex            #.......     32%         2    ###....
 Mephitic Cloud           Conj/Pois/Air  #.......     50%         3    ###....
 Conjure Flame            Conj/Fire      #.......     54%         3    ###....
 Ice Form                 Ice/Tmut       #.......     69%         4    #####..
 Blade Hands              Tmut           ##........   77%         5    ######.


Dungeon Overview and Level Annotations

Branches:
Dungeon (3/15)

Altars:
Hepliaklqana


Innate Abilities, Weirdness & Mutations

Your plain brown scales are hard. (AC +5)
You cannot fit into any form of body armour.
You are cold-blooded and may be slowed by cold attacks.


Message History

You feel sick.
The frilled lizard hisses angrily.
The kobold shouts!
You barely miss the frilled lizard. The frilled lizard closely misses you.
You bite the frilled lizard!
You kill the frilled lizard!
Your transformation has ended.
Your +6 short sword unmelds from your body.
Your +0 pair of boots unmelds from your body.
You feel sick. The gnoll closely misses you. The kobold misses you.
The kobold closely misses you.
Some of the chunks of flesh in your inventory have rotted away.
The kobold hits you with a +0 dagger.
* * * LOW HITPOINT WARNING * * *
There is a stone staircase leading up here.
You feel sick. The kobold hits you with a +0 dagger.
* * * LOW HITPOINT WARNING * * *
The gnoll hits you.
You die...

##### #....
....#.. .......
##....... ##..
.... ###
#####..#...# ...
.##..#.#@#...#
.....^.....gK....#
.....#.....#g##..#
#....#..#..#.##..#
.................#
##...#.#####.#####
.........###.#
##.......g)..#
#.>..#.#.#####


You could see 2 gnolls and a kobold.

Vanquished Creatures
  2 gnolls (D:3)
  2 adders
  2 dart slugs
  2 leopard geckos
  A ball python (D:2)
  2 giant cockroaches
  7 goblins
  3 hobgoblins (D:2)
  7 jackals
  7 kobolds
  A quokka (D:2)
  2 bats (D:2)
  2 frilled lizards
  10 rats
50 creatures vanquished.

Vanquished Creatures (collateral kills)
  A goblin (D:2)
  A jackal (D:2)
2 creatures vanquished.

Vanquished Creatures (others)
  5 toadstools (D:1)
5 creatures vanquished.

Grand Total: 57 creatures vanquished

Notes
Turn   | Place    | Note
-------+----------+-------------------------------------------
     0 | D:1      | Kohma the Draconian Transmuter began the quest for the Orb.
     0 | D:1      | Reached XP level 1. HP: 16/16 MP: 3/3
   126 | D:1      | Reached XP level 2. HP: 13/23 MP: 3/5
   354 | D:1      | You fall into a shaft and drop 1 floor!
  1407 | D:2      | Reached XP level 3. HP: 19/28 MP: 6/6
  1532 | D:2      | Learned a level 2 spell: Sticks to Snakes
  1536 | D:2      | Learned a level 3 spell: Spider Form
  1604 | D:2      | Found a hazy altar of Hepliaklqana.
  2045 | D:3      | Reached skill level 1 in Poison Magic
  2045 | D:3      | Reached XP level 4. HP: 25/35 MP: 3/8
  2064 | D:3      | Slain by a gnoll

Levels and vault maps discovered:
D:1:      ldierk_walled_garden, layout_basic
D:2:      layout_rooms, lemuel_crystal_altar, first_ration
D:3:      layout_loops_ring, nicolae_overflow_hidden_temple,
          chequers_ecumenical_altar_grove

Skill      XL: |  1  2  3 |
---------------+----------+-----
Transmutations | 3 |  3.8
Poison Magic   | 1 |  1.3
Fighting       | |  1.1
Dodging        | |  1.7
Unarmed Combat | |  3.0
Spellcasting   | |  2.7

Action                   |  1- 3 |  4- 6 || total
-------------------------+-------+-------++-------
Melee: Unarmed           |    91 |     9 ||   100
       Tailslap          |     8 |       ||     8
       Headbutt          |     8 |       ||     8
       Short sword       |    55 |       ||    55
       Punch             |     3 |       ||     3
 Cast: Beastly Appendage |    11 |       ||    11
       Sticks to Snakes  |     3 |       ||     3
       Spider Form       |     1 |       ||     1
 Stab: Sleeping          |     1 |       ||     1
  Eat: Chunk             |     4 |       ||     4
Armor: Skin              |    41 |       ||    41
Dodge: Dodged            |    94 |    18 ||   112

Table legend:
 A = Non-vault XP
 B = Vault XP
 C = Vault XP percentage of total XP
 D = Non-vault monster count
 E = Vault monster count
 F = Vault count percentage of total count
                 A         B        C        D         E       F
            +---------+---------+-------+---------+---------+-------
      Total |     136 |       0 |   0.0 |      52 |       0 |   0.0
            +---------+---------+-------+---------+---------+-------
        D:1 |      37 |       0 |   0.0 |      24 |       0 |   0.0
        D:2 |      53 |       0 |   0.0 |      23 |       0 |   0.0
        D:3 |      46 |       0 |   0.0 |       5 |       0 |   0.0
            +---------+---------+-------+---------+---------+-------
